 Dungeon Crawl Stone Soup version 0.30-a0-476-g330ca2eb8e (webtiles) character file.

Game seed: 12687032719549654080

1858 Jase the Covert (level 9, 40/48 HPs)
             Began as a Kobold Brigand on Dec 22, 2022.
             Was an Elder of Cheibriados.
             Quit the game on level 6 of the Dungeon.
             The game lasted 00:19:04 (5468 turns).

Jase the Covert (Kobold Brigand)                    Turns: 5468, Time: 00:19:04

Health: 40/48      AC:  5    Str: 19    XL:     9   Next: 35%
Magic:  12/13      EV: 21    Int: 26    God:    Cheibriados [****..]
Gold:   198        SH:  0    Dex: 26    Spells: 6/8 levels left

rFire   + . .      SeeInvis .    a - +2 dagger (drain)
rCold   . . .      Faith    .    (no shield)
rNeg    + . .      Spirit   .    g - +0 robe
rPois   .          Reflect  .    E - +0 helmet
rElec   .          Harm     .    u - +0 cloak
rCorr   .          Rampage  .    (no gloves)
Will    .....                    s - +0 pair of boots
Stlth   ++++++....               t - amulet of magic regeneration
HPRegen 0.28/turn                l - ring of positive energy
MPRegen 0.53/turn                v - ring of protection from fire

@: very slow
A: small, no large weapons, nightstalker 3
a: Renounce Religion, Bend Time, Temporal Distortion, Slouch


You were on level 6 of the Dungeon.
You worshipped Cheibriados.
Cheibriados was greatly pleased with you.
You visited 1 branch of the dungeon, and saw 6 of its levels.

You collected 263 gold pieces.
You spent 65 gold pieces at shops.

Inventory:

Hand Weapons
 a - a +2 dagger of draining (weapon)
 b - a +0 rapier
 c - the +4 shortbow of Destiny {flame, +Blink rC+++ Str-3 Int-2}
   (You found it on level 4 of the Dungeon)

   Any ammunition fired from it burns those it strikes, dealing additional fire
   damage.
   Str:       It affects your strength (-3).
   Int:       It affects your intelligence (-2).
   rC:        It renders you almost immune to cold.
   +Blink:    It lets you blink.
 d - a +2 dagger of venom
Missiles
 e - 3 curare-tipped darts
 h - 39 stones
 q - 11 boomerangs
 B - 18 poisoned darts (quivered)
 D - a throwing net
Armour
 g - a +0 robe (worn)
 s - a +0 pair of boots (worn)
 u - a +0 cloak (worn)
 x - a +0 scale mail
 E - a +0 helmet (worn)
Jewellery
 l - a ring of positive energy (left hand)
 t - an amulet of magic regeneration (around neck)
 v - a ring of protection from fire (right hand)
 w - a +6 ring of strength
 H - a +6 ring of strength
Wands
 r - a wand of digging (7)
 C - a wand of paralysis (10)
 G - a wand of light (5)
Scrolls
 i - 3 scrolls of fear {unknown}
 j - 3 scrolls of amnesia {unknown}
 m - 4 scrolls of identify {unknown}
 o - 6 scrolls of teleportation {unknown}
 y - a scroll of blinking {unknown}
Potions
 f - 3 potions of curing {unknown}
 k - 4 potions of lignification
 n - a potion of heal wounds {unknown}
 p - 2 potions of ambrosia {unknown}
 z - a potion of haste {unknown}
 A - a potion of brilliance {unknown}
 F - a potion of magic {unknown}


   Skills:
 - Level 2.1 Fighting
 + Level 7.9 Short Blades
 - Level 2.1 Throwing
 + Level 6.7 Dodging
 + Level 9.6 Stealth
 + Level 3.0 Translocations
 + Level 5.3 Invocations


You had 6 spell levels left.
You knew the following spells:

 Your Spells              Type           Power      Damage    Failure   Level
a - Blink                 Tloc           30%        N/A       5%          2

Your spell library contained the following spells:

 Spells                   Type           Power      Damage    Failure   Level
 Momentum Strike          Conj/Tloc      14%        3d8       11%         2
 Gell's Gravitas          Tloc           15%        N/A       11%         3
 Lesser Beckoning         Tloc           30%        N/A       11%         3
 Teleport Other           Tloc           15%        N/A       11%         3
 Ozocubu's Armour         Ice            0%         N/A       36%         3
 Metabolic Englaciation   Hex/Ice        0%         N/A       98%         5
 Simulacrum               Ice/Necr       0%         N/A       100%        6


Dungeon Overview and Level Annotations

Branches:
Dungeon (6/15)
 Temple: D:4-7

Altars:
Cheibriados
Xom

Shops:
D:3 !

Annotations:
D:6 1 runed translucent door, MrSquiggles's ghost, novice OpFi


Innate Abilities, Weirdness & Mutations

You are small and have problems with some larger weapons.
You are completely attuned to the shadows.


Message History

The white imp is severely wounded.
You hit the white imp but do no damage. You punch the white imp.
The white imp is severely wounded.
The white imp closely misses you.
You hit the white imp.
The white imp is almost dead.
The white imp gestures at you. The puff of frost misses you.
You barely miss the white imp.
The white imp is almost dead.
You hit the white imp.
You kill the white imp!
Cheibriados appreciates the change of pace.
You start resting.
A hound is nearby!
The hound barks!
You barely miss the hound. The hound bites you.
You hit the hound. You drain the hound.
The hound is heavily wounded.
The hound completely misses you.
You barely miss the hound.
The hound is heavily wounded.
You hit the hound. You drain the hound.
The hound is almost dead.
The hound closely misses you.
You barely miss the hound.
The hound is almost dead.
The hound misses you.
You barely miss the hound.
The hound is almost dead.
The hound completely misses you.
You hit the hound but do no damage. You drain the hound.
The hound is almost dead.
The hound bites you but does no damage.
You hit the hound.
You kill the hound!
Cheibriados thoroughly appreciates the change of pace.
No target in view!
No target in view!
Are you sure you want to abandon this character and quit the game? (Confirm with "yes".)

.............
##'#...##.## ###'######.
........#+#. #.......#
............ #.......#
..h..............
#.......#
......[..............
#.......#
.....................
#.......#
.....................
##..)...# ...†.........
.......
##).....#######@....####
......
#.............#....[#
.....
#.............#.....#
....
#.............#.....#
....
#.............'.....#
....
#.............#.....#
#..........[..#.....#
#.............#.....
###############....


There were no monsters in sight!

Vanquished Creatures
  Prince Ribbit (D:6)
  3 ice beasts
  A black bear (D:5)
  2 ogres
  A centaur (D:6)
  2 phantoms
  Blork the orc (D:5)
  4 scorpions
  A howler monkey (D:5)
  5 hounds
  2 jellies
  Crazy Yiuf (D:3)
  An iguana (D:6)
  An orc priest (D:5)
  2 orc wizards
  2 gnolls
  9 adders
  A shadow imp (D:4)
  3 white imps
  3 worms
  2 dart slugs
  13 orcs
  12 ball pythons
  9 endoplasms
  2 giant cockroaches
  6 goblins
  9 hobgoblins
  6 jackals
  5 quokkas
  5 bats
  3 frilled lizards
  5 kobolds
  5 rats
128 creatures vanquished.

Vanquished Creatures (others)
  2 plants (D:3)
2 creatures vanquished.

Grand Total: 130 creatures vanquished

Notes
Turn   | Place    | Note
-------+----------+-------------------------------------------
     0 | D:1      | Jase the Kobold Brigand began the quest for the Orb.
     0 | D:1      | Reached XP level 1. HP: 12/12 MP: 1/1
    70 | D:1      | Reached XP level 2. HP: 17/17 MP: 2/2
   248 | D:1      | Reached XP level 3. HP: 15/21 MP: 3/3
   583 | D:1      | You fall into a shaft and drop 1 floor!
   816 | D:1      | Reached skill level 6 in Stealth
   971 | D:2      | Reached XP level 4. HP: 26/26 MP: 4/4
  1981 | D:3      | Noticed a great orb of eyes
  1982 | D:3      | Found a faded altar of an unknown god.
  1982 | D:3      | Noticed an eye of devastation
  1987 | D:3      | Noticed a shining eye
  1987 | D:3      | Noticed a floating eye
  1989 | D:3      | Prayed at the altar of an unknown god.
  1989 | D:3      | Became a worshipper of Cheibriados the Contemplative
  1989 | D:3      | Reached * piety under Cheibriados
  2040 | D:3      | Found a runed translucent door.
  2043 | D:3      | Noticed Crazy Yiuf
  2478 | D:3      | Found a snail-covered altar of Cheibriados.
  2545 | D:3      | Reached XP level 5. HP: 30/30 MP: 5/5
  2550 | D:3      | Reached ** piety under Cheibriados
  2773 | D:3      | Found Uratumop's Distillery.
  2807 | D:3      | Bought a potion of degeneration for 13 gold pieces
  2807 | D:3      | Bought a potion of might for 52 gold pieces
  2866 | D:3      | Killed Crazy Yiuf
  2867 | D:3      | Reached skill level 1 in Invocations
  2950 | D:4      | Reached XP level 6. HP: 9/35 MP: 5/7
  2963 | D:4      | HP: 2/52 [poisoned by a scorpion]
  3290 | D:4      | Noticed an ogre
  3294 | D:4      | Killed an ogre
  3295 | D:4      | Reached skill level 5 in Short Blades
  3295 | D:4      | Reached skill level 7 in Stealth
  3451 | D:4      | Reached XP level 7. HP: 33/40 MP: 8/8
  3490 | D:4      | Identified the +4 shortbow of Destiny {flame, +Blink rC+++
                  | Str-3 Int-2}
  3558 | D:4      | Reached *** piety under Cheibriados
  3788 | D:5      | Entered Level 5 of the Dungeon
  3934 | D:5      | Reached skill level 5 in Dodging
  3937 | D:5      | Reached skill level 8 in Stealth
  4008 | D:5      | Noticed Blork the orc
  4010 | D:5      | Killed Blork the orc
  4011 | D:5      | Reached XP level 8. HP: 26/44 MP: 10/10
  4155 | D:5      | Learned a level 2 spell: Blink
  4305 | D:5      | Found a shimmering altar of Xom.
  4417 | D:5      | Reached skill level 1 in Translocations
  4606 | D:5      | Reached **** piety under Cheibriados
  4939 | D:6      | Reached skill level 9 in Stealth
  4967 | D:6      | Noticed Prince Ribbit
  4985 | D:6      | Reached XP level 9. HP: 20/48 MP: 12/12
  4994 | D:6      | Killed Prince Ribbit
  4995 | D:6      | Reached skill level 5 in Invocations
  5236 | D:6      | Found a runed translucent door.
  5268 | D:6      | Noticed MrSquiggles's ghost (novice OpFi)
  5468 | D:6      | Quit the game

Illustrated notes

Levels and vault maps discovered:
D:1:      lemuel_arrival_behind_the_door_large, layout_rooms, minivault_4,
          minmay_misc_feat_roman, serial_park_tiny_pond, amethyst_killhole,
          minmay_box_of_dots
D:2:      layout_basic
D:3:      layout_rooms, mainiacjoe_overflow_24_doors, serial_forest,
          infiniplex_forest_lined_2, infiniplex_forest_straight_1,
          infiniplex_forest_end_double, infiniplex_forest_straight_1,
          infiniplex_forest_clump_medium, infiniplex_forest_zigzag_1,
          hellmonk_ecumenical_altar_watching_god, serial_shops,
          nicolae_shop_window_shopping, wad_orctagon, uniq_crazy_yiuf_cottage
D:4:      minmay_razor_zed, layout_rooms, chequers_serial_rivers_micro_d
D:5:      layout_loops_ring, xom_confusion_cloud, uniq_blork_the_orc
D:6:      layout_gridville, hellmonk_ghost_happy_afterlife,
          minmay_misc_feat_chi, uniq_prince_ribbit1

Skill      XL: |  1  2  3  4  5  6  7  8  9 |
---------------+----------------------------+-----
Short Blades   | 3 4 5 6 7 |  7.9
Dodging        | 2 3 4 5 6 |  6.7
Stealth        | 6 7 8 9 |  9.6
Invocations    | 1 2 3 4 5 |  5.3
Translocations | 2 3 |  3.0
Fighting       | |  2.1
Throwing       | |  2.1

Action                   |  1- 3 |  4- 6 |  7- 9 || total
-------------------------+-------+-------+-------++-------
Melee: Dagger            |    69 |   161 |   191 ||   421
       Punch             |     1 |     2 |     5 ||     8
       Rapier            |       |       |    15 ||    15
Throw: Dart              |       |       |     3 ||     3
  Use: Potion            |       |     2 |     2 ||     4
 Stab: Sleeping          |    17 |    32 |    14 ||    63
       Distracted        |     2 |       |     4 ||     6
Armor: Robe              |     7 |    20 |     9 ||    36
       Skin              |       |       |    16 ||    16
Dodge: Dodged            |    26 |    89 |   104 ||   219

Table legend: (Time is in decaauts)
 A = Elapsed time spent in this place.
 B = Non-inter-level travel time spent in this place.
 C = Inter-level travel time spent in this place.
 D = Time resting spent in this place.
 E = Time spent auto-exploring this place.
 F = Levels seen in this place.
 G = Mean time per level.
                   A        B        C        D        E       F      G
               +--------+--------+--------+--------+--------+-----+--------+
         Total |   6652 |   6519 |    133 |    732 |   4578 |   6 | 1108.7 |
       Dungeon |   6652 |   6519 |    133 |    732 |   4578 |   6 | 1108.7 |
               +--------+--------+--------+--------+--------+-----+--------+

Top non-repeatable levels by time:
     D:3: 1432 daAuts
     D:5: 1388 daAuts
     D:4: 1130 daAuts
     D:2: 1017 daAuts
     D:6: 873 daAuts
     D:1: 810 daAuts
